 Dungeon Crawl Stone Soup version 0.28.0-45-g0d030f2227 (webtiles) character file.

Game seed: 13288047706573705410

161 pkoi the Ruffian (level 4, -2/36 HPs)
             Began as a Demigod Gladiator on Apr 19, 2022.
             Killed from afar by an orc wizard (7 damage)
             ... with a puff of flame
             ... on level 2 of the Dungeon.
             The game lasted 00:03:30 (3012 turns).

pkoi the Ruffian (Demigod Gladiator)                Turns: 3012, Time: 00:03:30

Health: -2/36      AC:  5    Str: 19    XL:     4   Next: 97%
Magic:  6/6        EV: 16    Int: 10    God:
Gold:   39         SH:  0    Dex: 15    Spells: 3/3 levels left

rFire   . . .      SeeInvis .     - Unarmed
rCold   . . .      Faith    .   (no shield)
rNeg    . . .      Spirit   .   a - +0 leather armour
rPois   .          Reflect  .   b - +1 helmet
rElec   .          Harm     .   (no cloak)
rCorr   .          Rampage  .   (no gloves)
Will    +....                   (no boots)
Stlth   +.........              (no amulet)
HPRegen 0.12/turn               e - ring of willpower
MPRegen 0.10/turn               g - +4 ring of evasion

@: no status effects
A: high MP 1, forlorn, divine attributes
a: no special abilities


You were on level 2 of the Dungeon.
You visited 1 branch of the dungeon, and saw 3 of its levels.

You collected 39 gold pieces.

Inventory:

Hand Weapons
 f - a +1 dagger
 m - a +0 short sword of electrocution
Armour
 a - a +0 leather armour (worn)
 b - a +1 helmet (worn)
Jewellery
 e - a ring of willpower (left hand)
 g - a +4 ring of evasion (right hand)
 l - an amulet of reflection
Scrolls
 h - 2 scrolls of identify
 i - a scroll of enchant armour
Potions
 d - a potion of curing


   Skills:
 - Level 1.7 Fighting
 - Level 1.7 Throwing
 - Level 2.6 Dodging
 + Level 5.4 Unarmed Combat


You had 3 spell levels left.
You didn't know any spells.
Your spell library contained the following spells:

 Spells                   Type           Power      Damage    Failure   Level
 Gell's Gravitas          Tloc           0%         N/A       80%         3
 Lesser Beckoning         Tloc           0%         N/A       80%         3
 Teleport Other           Tloc           0%         N/A       80%         3


Dungeon Overview and Level Annotations

Branches:
Dungeon (3/15)

Shops:
D:2 (


Innate Abilities, Weirdness & Mutations

You have an increased reservoir of magic. (+10% MP)
You shall have no god before yourself.
Your divine heritage dramatically boosts your attributes as you level up.


Message History

You punch something! Something hits you.
* * * LOW HITPOINT WARNING * * *
You closely miss something. You punch something.
You hear some strange, mumbled words.
A magic dart appears from out of thin air!
The magic dart hits you.
* * * LOW HITPOINT WARNING * * *
You closely miss something. You hit something but do no damage.
Something hits you but does no damage.
You barely miss something.
You hear some strange, mumbled words.
A puff of flame appears from out of thin air!
The puff of flame hits you.
* * * LOW HITPOINT WARNING * * *
You hit something but do no damage. Something barely misses you.
You barely miss something. Something hits you.
* * * LOW HITPOINT WARNING * * *
You aren't carrying any items that you can evoke.
Throw: 3 throwing nets
Press: ? - help, Q - select action Shift-Dir - straight line, f - you Really target yourself?
Okay, then.
Throw: 3 throwing nets
Press: ? - help, Q - select action Shift-Dir - straight line You throw a throwing net.
Something hits you but does no damage.
Unknown command.
Throw: 2 throwing nets
Press: ? - help, Q - select action Shift-Dir - straight line You throw a throwing net.
Something hits you.
* * * LOW HITPOINT WARNING * * *
Unknown command.
Throw: throwing net
Press: ? - help, Q - select action Shift-Dir - straight line You throw a throwing net.
You hear some strange, mumbled words.
A puff of flame appears from out of thin air!
The puff of flame hits you!
You die...

######## ########
#......# .......#
#.####.# .......#
#.# #.# .......#
#.# #.# .......#
#.# #.# .......#
#.# #.#
.......#####.####.#
.........(.....{@)#
.......#####.#.##)#
.......# #.#.##.#
####'###
#.#.##.######## #.#
#.#.##.#......#
###.####
#.#.##.#.####.#
#......# #.#.##.#.#
#.# #......#
#...<#.#.# #.#
#......# #...##.#.#
#.#


There were no monsters in sight!

Vanquished Creatures
  An orc priest (D:2)
  An iguana (D:2)
  An orc wizard (D:2)
  2 adders (D:2)
  3 dart slugs
  4 orcs
  An endoplasm (D:2)
  A giant cockroach (D:1)
  5 goblins
  6 hobgoblins
  4 quokkas
  7 ball pythons
  4 bats
  A frilled lizard (D:2)
  3 kobolds
  9 rats
53 creatures vanquished.

Notes
Turn   | Place    | Note
-------+----------+-------------------------------------------
     0 | D:1      | pkoi the Demigod Gladiator began the quest for the Orb.
     0 | D:1      | Reached XP level 1. HP: 17/17 MP: 3/3
    77 | D:1      | Reached skill level 3 in Unarmed Combat
   178 | D:1      | Reached XP level 2. HP: 23/24 MP: 4/4
  1044 | D:2      | Reached skill level 4 in Unarmed Combat
  1044 | D:2      | Reached XP level 3. HP: 24/29 MP: 5/5
  1292 | D:2      | Reached XP level 4. HP: 35/36 MP: 6/6
  1671 | D:2      | Found Loeren's Weapon Shop.
  2461 | D:2      | Reached skill level 5 in Unarmed Combat
  3012 | D:2      | Killed from afar by an orc wizard

Illustrated notes

Levels and vault maps discovered:
D:1:      ncdulo_smallfort, layout_loops_ring
D:2:      layout_basic, serial_shops, shop
D:3:      layout_basic, shapermc_ecumenical_altar_flowoftime

Skill      XL: |  1  2  3  4 |
---------------+-------------+-----
Unarmed Combat | 3 4 5 |  5.4
Fighting       | |  1.7
Throwing       | |  1.7
Dodging        | |  2.6

Action                   |  1- 3 |  4- 6 || total
-------------------------+-------+-------++-------
Melee: Unarmed           |   140 |    62 ||   202
       Punch             |     5 |     3 ||     8
Throw: Throwing net      |       |     3 ||     3
  Use: Scroll            |     2 |     2 ||     4
       Potion            |       |     1 ||     1
 Stab: Sleeping          |     4 |       ||     4
Armor: Leather armour    |    32 |    15 ||    47
Dodge: Dodged            |    93 |    44 ||   137
